 Dungeon Crawl Stone Soup version 0.26-a0-504-g0cf647090d (webtiles) character file.

Game seed: 11751959861909378651

114 ANON1729 the Sneak (level 5, -3/32 HPs)
             Began as a Kobold Brigand on Aug 8, 2020.
             Killed by divine providence
             ... invoked by an orc priest
              (14 damage)
             ... on level 3 of the Dungeon.
             The game lasted 00:02:59 (1584 turns).

ANON1729 the Sneak (Kobold Brigand)                 Turns: 1584, Time: 00:03:00

Health: -3/32      AC:  4    Str:  9    XL:     5   Next: 18%
Magic:  5/5        EV: 15    Int: 12    God:
Gold:   95         SH:  0    Dex: 17    Spells: 4/4 levels left

rFire    . . .     SeeInvis +   a - +2 dagger
rCold    . . .     Faith    .   (shield restricted)
rNeg     . . .     Spirit   .   b - +0 robe
rPois    .         Reflect  .   (no helmet)
rElec    .         Harm     .   c - +0 cloak
rCorr    .                      (no gloves)
MR       .....                  o - +0 pair of boots
Stlth    ++++......             (no amulet)
HPRegen  0.10/turn              f - ring of see invisible
MPRegen  0.09/turn              (no ring)

@: no status effects
A: small, nightstalker 3
a: no special abilities


You were on level 3 of the Dungeon.
You visited 1 branch of the dungeon, and saw 3 of its levels.

You collected 95 gold pieces.

Inventory:

Hand Weapons
 a - a +2 dagger (weapon)
Missiles
 d - a poisoned dart (quivered)
 e - 2 curare-tipped darts
Armour
 b - a +0 robe (worn)
 c - a +0 cloak (worn)
 j - +0 ice dragon scales
 o - a +0 pair of boots (worn)
Jewellery
 f - a ring of see invisible (left hand)
Scrolls
 h - 3 scrolls of remove curse
 i - a scroll of random uselessness {unknown}
 m - a scroll of blinking {unknown}
 q - a scroll of identify {unknown}
 r - a scroll of amnesia {unknown}
Potions
 g - 3 potions of curing
 k - a potion of degeneration {unknown}
 l - 2 potions of brilliance {unknown}
 n - a potion of magic {unknown}
 p - a potion of experience {unknown}


   Skills:
 + Level 3.0 Fighting
 * Level 4.1 Short Blades
 + Level 2.9 Throwing
 + Level 2.3 Dodging
 * Level 6.2 Stealth


You had 4 spell levels left.
You didn't know any spells.
Your spell library was empty.

Dungeon Overview and Level Annotations

Branches:
Dungeon (3/15)

Altars:


Innate Abilities, Weirdness & Mutations

You are small and have problems with some larger weapons.
You are completely attuned to the shadows.


Message History

* * * LOW HITPOINT WARNING * * *
You kill the orc!
Throwing (i - inventory. (/) - cycle)
d - 2 poisoned darts (quivered)
Press: ? - help, Shift-Dir - straight line, f/p - orc wizard
Aim: an orc wizard, wielding a +0 dagger and wearing a +0 robe (heavily wounded, poisoned)
You throw a poisoned dart. The poisoned dart hits the orc wizard.
The orc wizard looks even sicker.
The orc wizard is heavily wounded.
Okay, then.
The orc wizard casts a spell at you. The puff of flame misses you.
An orc and an orc priest come into view.
You feel better. The orc wizard completely misses you.
The orc priest shouts!
You hit the orc wizard.
The orc wizard is almost dead.
You hear a shout!
The orc priest invokes the aid of Beogh against you.
Beogh smites you!
You die...

#..................
#.#............##..
#..)...............
###................ #.##
####..........<.)... .....#
#####........[.[...†..#.
......####..)(.#o..###...........
..(...#()).#####o### #.>.........
....oo()#### #@# .........##.
......### #.# ........... .
.......# ... ..#....<....#
.....o.# ..o.. .......K. .......
......... ......... ...>....


You could see an orc priest, an orc wizard (poisoned) and an orc.

Vanquished Creatures
  An orc wizard (D:3)
  2 adders (D:2)
  2 oozes
  A dart slug (D:2)
  4 leopard geckos
  2 orcs (D:3)
  A bat (D:2)
  2 giant cockroaches
  6 goblins
  11 hobgoblins
  3 jackals (D:1)
  A quokka (D:2)
  6 frilled lizards
  5 kobolds
  6 rats
53 creatures vanquished.

Notes
Turn   | Place    | Note
-------+----------+-------------------------------------------
     0 | D:1      | ANON1729 the Kobold Brigand began the quest for the Orb.
     0 | D:1      | Reached XP level 1. HP: 12/12 MP: 1/1
   114 | D:1      | Reached XP level 2. HP: 18/18 MP: 2/2
   401 | D:1      | Reached XP level 3. HP: 22/22 MP: 3/3
   865 | D:2      | Reached XP level 4. HP: 26/27 MP: 4/4
  1382 | D:2      | Reached skill level 6 in Stealth
  1562 | D:3      | Reached XP level 5. HP: 22/32 MP: 5/5
  1584 | D:3      | Killed from afar by an orc priest

Illustrated notes

Levels and vault maps discovered:
D:1:      minmay_arrival_stair_chambers, layout_loops_ring,
          kennysheep_flooded_box
D:2:      layout_rooms
D:3:      layout_rooms, cheibrodos_sewer_entry_sluice,
          chequers_hall_statues_wall_a

Skill      XL: |  1  2  3  4 |
---------------+-------------+-----
Short Blades   | 3 4 |  4.1
Dodging        | 2 |  2.3
Stealth        | 6 |  6.2
Fighting       | 3 |  3.0
Throwing       | |  2.9

Action                   |  1- 3 |  4- 6 || total
-------------------------+-------+-------++-------
Melee: Dagger            |    69 |    83 ||   152
Throw: Dart              |       |    14 ||    14
  Use: Potion            |       |     2 ||     2
       Scroll            |       |     1 ||     1
 Stab: Sleeping          |    18 |     6 ||    24
       Distracted        |       |     1 ||     1
Armor: Robe              |     7 |    14 ||    21
Dodge: Dodged            |    30 |    58 ||    88

Table legend: (Time is in decaauts)
 A = Elapsed time spent in this place.
 B = Non-inter-level travel time spent in this place.
 C = Inter-level travel time spent in this place.
 D = Time resting spent in this place.
 E = Time spent auto-exploring this place.
 F = Levels seen in this place.
 G = Mean time per level.
                   A        B        C        D        E       F      G
               +--------+--------+--------+--------+--------+-----+--------+
         Total |   1554 |   1495 |     59 |    217 |    947 |   3 |  518.0 |
       Dungeon |   1554 |   1495 |     59 |    217 |    947 |   3 |  518.0 |
               +--------+--------+--------+--------+--------+-----+--------+

Top non-repeatable levels by time:
     D:1: 758 daAuts
     D:2: 633 daAuts
     D:3: 161 daAuts
